AoeStats
← Naattt

Arabia

507625172Analyzed
2v2 RM · 15d ago on Sep 19, 2026· 25m 30s· 4 players
Game mode
Random Map
Map size
Medium (4 player)
Population
200
Speed
Normal
Resources
Standard
Victory
Conquest
Starting age
Dark Age
Ending age
Imperial Age
RankedLock teamsTeams togetherTeam positionsShared explorationLock speedFull tech treeHidden civsTurbo modeCheats
Victory
Defeat
🇨🇦 Burgundians · Canada
1142
+11
🇮🇳 Franks · India
1091
+13
🇨🇳 Magyars · China
1030
-12
🇨🇳 Huns · China
1030
-12
Naattt
7:17 Loom
7:23 Double-Bit Axe
9:45 Feudal Age
10:01 Double-Bit Axe
9:58 Horse Collar
14:43 Heavy Plow
14:57 Bow Saw
21:15 Castle Age
19:56 Forging
21:13 Scale Mail Armor
22:08 Squires
23:28 Arson
23:13 Pikeman
WhiskeyTangoFoxtrot
6:27 Loom
9:00 Feudal Age
9:34 Double-Bit Axe
19:39 Castle Age
21:36 Scale Barding Armor
21:42 Forging
我才是最强白龙
11:15 Feudal Age
10:18 Loom
16:52 Castle Age
17:05 Horse Collar
23:37 Heavy Plow
25:14 Fletching
ming
11:34 Feudal Age
12:24 Loom
12:32 Horse Collar
14:30 Bloodlines
20:12 Castle Age
20:43 Double-Bit Axe
20:52 Stone Mining
23:15 Heavy Plow
23:43 Bow Saw
23:25 Gold Mining
24:17 Wheelbarrow
Connection lost

Rejoining the realm…

Still unreachable

The connection could not be restored.

Session expired

The server has moved on; the page needs a fresh start.